 Dungeon Crawl Stone Soup version 0.20-a0-641-g673355a (webtiles) character file.

26418 Laan the Devastator (level 12, -24/59 HPs)
             Began as a Deep Elf Conjurer on Feb 13, 2017.
             Was an Elder of Vehumet.
             Annihilated by Snorg (29 damage)
             ... on level 4 of the Lair of Beasts.
             The game lasted 00:46:30 (17332 turns).

Laan the Devastator (Deep Elf Conjurer)            Turns: 17332, Time: 00:46:30

Health: -24/59     AC:  5    Str:  5    XL:     12   Next: 98%
Magic:  1/42       EV: 13    Int: 26    God:    Vehumet [****..]
Gold:   900        SH:  6    Dex: 15    Spells: 36/41 levels left

rFire    + . .     SeeInvis .   p - +2 trident (venom)
rCold    + + .     Gourm    .   w - +2 robe {rC+ rF+}
rNeg     . . .     Faith    .   S - +1 buckler {rPois}
rPois    +         Spirit   .   (no helmet)
rElec    .         Reflect  .   J - scarf {rC+}
rCorr    .         Harm     .   (no gloves)
MR       ++...                  R - +0 pair of boots
Stlth    ++........             i - amulet of magic regeneration
Regen    0.2/turn               E - ring of protection from magic
MPRegen  0.5/turn               j - ring of magical power

@: no status effects
A: no striking features
a: Renounce Religion


You were on level 4 of the Lair of Beasts.
You worshipped Vehumet.
Vehumet was greatly pleased with you.
You were not hungry.

You visited 3 branches of the dungeon, and saw 16 of its levels.
You also visited: Labyrinth and Sewer.

You collected 900 gold pieces.

Inventory:

Hand Weapons
 p - a +2 trident of venom (weapon)
Armour
 w - a +2 robe of resistance (worn)
 F - the +4 robe of Augmentation {Str+4 Int+4 Dex+4}
   (You found it on level 7 of the Dungeon)

   It affects your strength (+4).
   It affects your intelligence (+4).
   It affects your dexterity (+4).
 I - the +2 leather armour "Sihuorch" {+Blink MR++ Stlth+}
   (You found it on level 9 of the Dungeon)

   It affects your resistance to hostile enchantments.
   It lets you blink.
   It makes you more stealthy.
 J - a scarf of cold resistance (worn)
 R - a +0 pair of boots (worn)
 S - a +1 buckler of poison resistance (worn)
Magical Staves
 x - a cursed staff of earth
Jewellery
 i - an amulet of magic regeneration (around neck)
 j - a ring of magical power (left hand)
 v - an uncursed ring of ice
 E - a ring of protection from magic (right hand)
 L - an uncursed ring of protection from magic
 Y - an uncursed ring of positive energy
Wands
 H - a wand of digging (16/24)
 N - a wand of iceblast (11/15)
 T - a wand of digging (18/24)
 U - a wand of lightning (9/15)
Scrolls
 d - 13 scrolls of teleportation
 e - 3 scrolls of identify
 g - 9 scrolls of remove curse
 l - 2 scrolls of enchant weapon
 o - a scroll of amnesia
 s - a scroll of enchant armour
 u - a scroll of blinking
 y - 2 scrolls of magic mapping
 W - 3 scrolls of recharging
Potions
 a - 5 potions of curing
 h - a potion of heal wounds
 k - a potion of resistance {unknown}
 m - a potion of invisibility {unknown}
 n - 2 potions of agility
 q - 8 potions of flight
 B - 2 potions of haste
 C - 4 potions of brilliance
 G - a potion of might
 O - a potion of ambrosia
Books
 b - a book of Conjurations

   Spells                             Type                      Level
   a - Magic Dart                     Conjuration                  1
   b - Searing Ray                    Conjuration                  2
   c - Dazzling Spray                 Conjuration/Hexes            3
   d - Fulminant Prism                Conjuration/Hexes            4
   e - Force Lance                    Conjuration/Translocation    4
   f - Iskenderun's Mystic Blast      Conjuration                  4
 z - a book of Necromancy

   Spells                             Type                      Level
   a - Pain                           Necromancy                   1
   b - Animate Skeleton               Necromancy                   1
   c - Vampiric Draining              Necromancy                   3
   d - Regeneration                   Charms/Necromancy            3
   e - Animate Dead                   Necromancy                   4
   f - Control Undead                 Necromancy                   4
 D - a book of Minor Magic

   Spells                             Type                      Level
   a - Magic Dart                     Conjuration                  1
   b - Blink                          Translocation                2
   c - Call Imp                       Summoning                    2
   d - Slow                           Hexes                        2
   e - Conjure Flame                  Conjuration/Fire             3
   f - Mephitic Cloud                 Conjuration/Poison/Air       3
 P - Lifyn's Compendium of Unholy Rituals
   (You found it on level 10 of the Dungeon)

   Spells                             Type                      Level
   a - Corpse Rot                     Necromancy                   2
   b - Regeneration                   Charms/Necromancy            3
   c - Bolt of Draining               Conjuration/Necromancy       5
   d - Agony                          Necromancy                   5
   e - Cigotuvi's Embrace             Necromancy                   5
Comestibles
 c - 13 bread rations
 f - 18 royal jellies
 r - 8 meat rations


   Skills:
 - Level 2.4 Dodging
 - Level 2.4 Stealth
 * Level 4.5 Shields
 + Level 15.2 Spellcasting
 * Level 18.3 Conjurations


You had 36 spell levels left.
You knew the following spells:

 Your Spells              Type           Power        Failure   Level  Hunger
a - Magic Dart            Conj           ####         0%          1    None
b - Iskenderun's Mystic   Conj           #######.     0%          4    None


Dungeon Overview and Level Annotations

Branches:
Dungeon (11/15)            Temple (1/1) D:7            Lair (4/6) D:10
  Swamp (0/4) Lair:2        Snake (0/4) Lair:3
    Orc: D:9-12

Altars:
Ashenzari
Cheibriados
Dithmenos
Elyvilon
Fedhas
Gozag
Hepliaklqana
Kikubaaqudgha
Makhleb
Nemelex Xobeh
Okawaru
Qazlal
Ru
Sif Muna
Trog
Uskayaw
Vehumet
Xom
Yredelemnul
Zin
The Shining One

Annotations:
Lair:4 Snorg


Message History

Snorg is almost dead.
The orb of energy explodes!
You block Snorg's attack. Snorg closely misses you. x2
Casting: Iskenderun's Mystic Blast
Confirm with . or Enter, or press ? or * to list all spells.
You don't have enough magic to cast that spell.
Casting: Iskenderun's Mystic Blast
Confirm with . or Enter, or press ? or * to list all spells.
Aiming: Magic Dart
Press: ? - help, Shift-Dir - straight line, f/p - Snorg
Aim: Snorg (almost dead, berserk, fast, unusually strong)
The magic dart hits Snorg.
Snorg is almost dead.
You block Snorg's attack. Snorg closely misses you. Snorg barely misses you.
Snorg bites you!! Snorg claws you. Snorg claws you!
You puncture Snorg!
Snorg is poisoned.
Snorg is almost dead.
Snorg bites you! Snorg closely misses you. Snorg claws you!
* * * LOW HITPOINT WARNING * * *
Snorg bites you!!
You die...

.... ....
............... .....
................ .....
........................
.....
........................
.....
...<....................
.....
........................
.....
........T...............
..##.
....!..@................
.....
........................
.....
..##....................
.....
###..................
..#..
#.#..#............. .##
# >.###.####.........#
.# .... .## ###.......#
.## ..8. .. #.......#
..# ##. ... ##.....##


You could see Snorg (berserk).

Vanquished Creatures
  A minotaur (Lab)
  3 hydras
  Harold (Lair:3)
  2 two-headed ogres (D:10)
  Sonja (Lair:3)
  An oklob plant (Lair:4)
  A deep elf mage (D:10)
  2 black mambas (Lair:3)
  6 spiny frogs
  A rime drake (Lair:1)
  4 komodo dragons
  A troll (D:7)
  2 polar bears (D:10)
  Grinder (D:4)
  A hornet (D:7)
  Prince Ribbit (Lair:1)
  14 blink frogs
  Sigmund (D:5)
  A wyvern (Lair:2)
  30 yaks
  2 nagas (Lair:3)
  7 water moccasins
  The ghost of mora the Digger, an amateur GrEE (D:3)
  5 porcupines
  5 orc warriors
  4 ice beasts
  2 black bears
  A necrophage (D:9)
  3 sky beasts
  2 phantoms
  4 ogres
  A wolf (Lair:1)
  3 centaurs
  8 crocodiles
  9 bullfrogs
  A scorpion (D:4)
  9 killer bees
  7 wights
  6 howler monkeys
  4 electric eels
  5 crimson imps
  A bullfrog zombie (D:8)
  5 hounds
  5 orc priests
  A bullfrog skeleton (D:4)
  6 jellies
  A gnoll shaman (D:5)
  7 orc wizards
  Natasha (thrice) (D:3)
  A centaur skeleton (D:10)
  2 iguanas
  11 worker ants
  9 hell rats (Lair:3)
  Terence (D:3)
  A merfolk siren (Sewer)
  A merfolk avatar (Sewer)
  A bullfrog simulacrum (D:10)
  2 howler monkey skeletons
  Robin (D:3)
  14 gnolls
  19 river rats
  9 adders
  A shadow imp (D:6)
  4 white imps (D:10)
  An ufetubus (D:10)
  6 oozes
  3 worms
  An adder simulacrum (D:10)
  5 leopard geckos
  36 orcs
  11 giant cockroaches
  11 goblins
  3 hobgoblins
  6 jackals
  6 kobolds
  5 quokkas (Lair:3)
  9 ball pythons
  6 bats
  9 frilled lizards
  A jackal zombie (D:7)
  37 rats
  A plant (Lair:3)
427 creatures vanquished.

Vanquished Creatures (others)
  A fungus (Lair:3)
  7 plants
8 creatures vanquished.

Grand Total: 435 creatures vanquished

Notes
Turn   | Place    | Note
-------+----------+-------------------------------------------
     0 | D:1      | Laan the Deep Elf Conjurer began the quest for the Orb.
     0 | D:1      | Reached XP level 1. HP: 10/10 MP: 6/6
   220 | D:1      | Reached XP level 2. HP: 15/15 MP: 6/8
   619 | D:2      | Reached skill level 5 in Conjurations
   685 | D:2      | Found an opulent altar of Gozag.
   700 | D:2      | Reached XP level 3. HP: 19/19 MP: 10/10
  1043 | D:3      | Noticed Robin
  1134 | D:3      | Reached XP level 4. HP: 24/24 MP: 12/12
  1171 | D:3      | Killed Robin
  1351 | D:3      | Noticed Terence
  1355 | D:3      | Killed Terence
  1355 | D:3      | Reached skill level 6 in Conjurations
  1371 | D:3      | Noticed mora's ghost (amateur GrEE)
  1381 | D:3      | Killed mora's ghost
  1381 | D:3      | Reached XP level 5. HP: 24/28 MP: 10/14
  1486 | D:3      | Noticed Natasha
  1490 | D:3      | Killed Natasha
  1490 | D:3      | Reached skill level 5 in Spellcasting
  1501 | D:3      | Reached skill level 7 in Conjurations
  1504 | D:3      | Found a burning altar of Makhleb.
  1642 | D:3      | Found a hazy altar of Hepliaklqana.
  1661 | D:3      | Found a blossoming altar of Fedhas.
  1714 | D:3      | Noticed Natasha
  1721 | D:3      | Killed Natasha
  1721 | D:3      | Reached XP level 6. HP: 23/32 MP: 15/15
  1971 | D:4      | Learned a level 4 spell: Iskenderun's Mystic Blast
  2224 | D:4      | Noticed Grinder
  2258 | D:3      | Noticed Natasha
  2260 | D:3      | HP: 1/32 [Natasha/magic dart (6)]
  2267 | D:3      | Killed Natasha
  2534 | D:4      | Found a basalt altar of Yredelemnul.
  2534 | D:4      | Found a deep blue altar of Sif Muna.
  2561 | D:4      | Reached skill level 8 in Conjurations
  2561 | D:4      | Reached XP level 7. HP: 21/36 MP: 17/18
  2798 | D:4      | Found a white marble altar of Elyvilon.
  2825 | D:4      | Killed Grinder
  2911 | D:4      | Noticed a dagger
  2912 | D:4      | Found a hide-covered altar of Uskayaw.
  2913 | D:4      | Noticed a dagger
  2957 | D:4      | Reached skill level 9 in Conjurations
  3098 | D:5      | Entered Level 5 of the Dungeon
  3194 | D:5      | Found a snail-covered altar of Cheibriados.
  3451 | D:5      | Reached XP level 8. HP: 41/41 MP: 20/20
  3527 | D:5      | Noticed Sigmund
  3549 | D:5      | Killed Sigmund
  3549 | D:5      | Reached skill level 10 in Conjurations
  3782 | D:5      | Found a sparkling altar of Nemelex Xobeh.
  4739 | D:6      | Found a glowing drain.
  4750 | Sewer    | Entered a sewer
  5069 | Sewer    | Reached skill level 11 in Conjurations
  5545 | D:6      | Found an iron altar of Okawaru.
  5844 | D:7      | Reached XP level 9. HP: 45/45 MP: 20/24
  6052 | D:7      | Found a glowing silver altar of Zin.
  6154 | D:7      | Found a glowing golden altar of the Shining One.
  6559 | D:7      | Reached skill level 12 in Conjurations
  6659 | D:7      | Noticed a troll
  6661 | D:7      | Killed a troll
  6661 | D:7      | Reached skill level 10 in Spellcasting
  7001 | D:7      | Found a glowing golden altar of the Shining One.
  7186 | D:7      | Found a staircase to the Ecumenical Temple.
  7192 | Temple   | Entered the Ecumenical Temple
  7256 | Temple   | Became a worshipper of Vehumet
  7570 | D:8      | Reached skill level 13 in Conjurations
  8024 | D:8      | Reached XP level 10. HP: 10/50 MP: 2/26
  8298 | D:8      | Reached * piety under Vehumet
  8298 | D:8      | Offered knowledge of Freeze by Vehumet.
  8923 | D:9      | Got an encrusted leather armour
  9137 | D:9      | Found an ancient bone altar of Kikubaaqudgha.
  9148 | D:9      | Reached skill level 14 in Conjurations
  9277 | D:10     | Entered Level 10 of the Dungeon
  9450 | D:10     | Noticed a two-headed ogre
  9456 | D:10     | Killed a two-headed ogre
  9740 | D:10     | Reached ** piety under Vehumet
  9764 | D:10     | Noticed a deep elf mage
  9766 | D:10     | Killed a deep elf mage
  9862 | D:10     | Found a staircase to the Lair.
  9886 | D:10     | Identified the +2 leather armour "Sihuorch" {+Blink MR++ Stlth+} (You found it on level 9 of the Dungeon)
  9892 | D:10     | Noticed a two-headed ogre
  9898 | D:10     | Killed a two-headed ogre
  9898 | D:10     | Reached skill level 15 in Conjurations
  9939 | D:10     | Offered knowledge of Throw Frost by Vehumet.
 10181 | D:10     | Reached XP level 11. HP: 54/54 MP: 22/29
 10891 | D:10     | Identified Lifyn's Compendium of Unholy Rituals
 10932 | Lair:1   | Entered Level 1 of the Lair of Beasts
 10941 | Lair:1   | Noticed Prince Ribbit
 10943 | Lair:1   | Killed Prince Ribbit
 11227 | D:11     | Found a snail-covered altar of Cheibriados.
 11562 | Lair:1   | Offered knowledge of Stone Arrow by Vehumet.
 11736 | Lair:1   | Reached skill level 16 in Conjurations
 12295 | Lair:1   | Reached *** piety under Vehumet
 12471 | Lair:1   | Noticed a four-headed hydra
 12476 | Lair:1   | Killed a four-headed hydra
 12683 | Lair:1   | Noticed a four-headed hydra
 12687 | Lair:1   | Killed a four-headed hydra
 12862 | Lair:1   | Reached skill level 17 in Conjurations
 12864 | Lair:1   | Reached XP level 12. HP: 59/59 MP: 4/32
 13541 | Lair:2   | Found a staircase to the Swamp.
 14010 | Lair:2   | Offered knowledge of Ignite Poison by Vehumet.
 14150 | Lair:3   | Found a labyrinth entrance.
 14270 | Lab      | Entered a labyrinth
 14535 | Lab      | Noticed a minotaur
 14542 | Lab      | Killed a minotaur
 14882 | Lab      | Got an ichor-stained mace
 14884 | Lab      | Identified a scroll of acquirement
 14892 | Lab      | Identified the +4 mace of Calun {antimagic, rC++ Str+3 Dex+2} (You found it in a labyrinth)
 15078 | Lair:3   | Noticed Harold
 15083 | Lair:3   | Killed Harold
 15083 | Lair:3   | Reached skill level 1 in Shields
 15260 | Lair:3   | Found a staircase to the Snake Pit.
 15424 | Lair:3   | Noticed Sonja
 15433 | Lair:3   | Killed Sonja
 15634 | Lair:3   | Reached **** piety under Vehumet
 15662 | Lair:3   | Offered knowledge of Venom Bolt by Vehumet.
 15889 | Lair:3   | Noticed a seven-headed hydra
 15892 | Lair:3   | Killed a seven-headed hydra
 16206 | Lair:3   | Reached skill level 18 in Conjurations
 16210 | Lair:3   | Reached skill level 15 in Spellcasting
 17323 | Lair:4   | Noticed Snorg
 17332 | Lair:4   | Annihilated by Snorg

Vault maps used:
D:1:      dpeg_arrival_tiny_c
D:2:      nicolae_overflow_hidden_temple
D:3:      fedhas_altar_2, nicolae_overflow_crystal_walls, first_bread,
          bloody_makhleb, uniq_robin, uniq_natasha, uniq_terence
D:4:      dancing_weapons_uskayaw, kennysheep_mini,
          gammafunk_temple_overflow_elements, uniq_grinder
D:5:      old_standard_altar, basic_altar, uniq_sigmund
D:6:      okawaru_altar_gauntlet_db, portal_sewer_entry_b
D:7:      lemuel_coloured_pillars_altar, overflow_temple_1_default,
          minmay_temple_entry_enclosed_plants, basic_altar, wad_mini_maze
D:8:      hangedman_little_slice_of_home, minivault_1
D:9:      overflow_temple_1_default
D:10:     lair_entry_dummy, serial_ice, serial_ice_m, serial_ice_g,
          serial_ice_c, serial_ice_j, serial_ice_b, serial_ice_f, serial_ice_n
D:11:     basic_altar
Temple:   dpeg_three_leaves_temple
Lair:1:   serial_bayou_shore_a, grunt_megastairs_1, uniq_prince_ribbit2
Lair:2:   minmay_swamp_entry_eels
Lair:3:   lemuel_ratsnest, guppyfry_snake_entry_garden, lab_entry_generic,
          uniq_harold, uniq_sonja
Lair:4:   enter_volcano_1, grunt_megastairs_5, uniq_snorg
Lab:      labyrinth_watery
Sewer:    sewer_sea

Skill      XL: |  1  2  3  4  5  6  7  8  9 10 11 12 |
---------------+-------------------------------------+-----
Conjurations   | 5 6 7 8 9 11 13 15 17 18 | 18.3
Spellcasting   | 4 5 6 7 9 10 12 14 15 | 15.2
Shields        | 4 |  4.5
Dodging        | |  2.4
Stealth        | |  2.4

Action                   |  1- 3 |  4- 6 |  7- 9 | 10-12 || total
-------------------------+-------+-------+-------+-------++-------
Melee: Dagger            |     4 |       |       |       ||     4
       Trident           |       |       |    19 |    37 ||    56
 Cast: Magic Dart        |    71 |   104 |   293 |   188 ||   656
       Iskenderun's Myst |       |     7 |    93 |   353 ||   453
  Use: Potion            |       |     2 |     2 |     5 ||     9
       Scroll            |       |       |       |    28 ||    28
  Eat: Chunk             |       |     6 |    10 |    10 ||    26
       Meat ration       |       |       |     2 |     3 ||     5
       Fruit             |       |       |       |     8 ||     8
Armor: Robe              |     1 |     1 |     9 |     8 ||    19
Dodge: Dodged            |     2 |    15 |    39 |    56 ||   112
Block: Buckler           |       |       |       |    13 ||    13
